 Dungeon Sprint DCSS version 0.20.1-1-g8b1a95d (webtiles) character file.

119 potatolord6000 the Skirmisher (level 4, -26/66 HPs)
             Began as a Draconian Fighter on Aug 28, 2017.
             Was an Initiate of Qazlal.
             Annihilated by Munemmu the pandemonium lord (51 damage)
             ... in the Dungeon (Sprint V: "Ziggurat Sprint").
             The game lasted 00:01:35 (116 turns).

potatolord6000 the Skirmisher (Draconian Fighter)    Turns: 116, Time: 00:01:36

Health: -26/66     AC:  5    Str: 36    XL:     4   Next: 74%
Magic:  7/10       EV: 20    Int:  8    God:    Qazlal [......]
Gold:   0          SH:  0    Dex: 16    Spells: 11/11 levels left

rFire    + . .     SeeInvis .   b - +6 sword of Power
rCold    + . .     Gourm    .   (shield currently unavailable)
rNeg     . . .     Faith    .   (armour unavailable)
rPois    +         Spirit   .   (helmet restricted)
rElec    +         Reflect  .   (no cloak)
rCorr    +         Harm     .   (no gloves)
MR       .....     NoTele   +   (no boots)
Stlth    ..........             (no amulet)
Regen    0.3/turn               n - +6 ring of strength
MPRegen  0.2/turn               o - +6 ring of strength

@: mighty, agile, berserking, resistant, very slightly contaminated, hasted,
invisible, very quick
A: unfitting armour, cold-blooded, AC +5
a: Renounce Religion


You were in the Dungeon.
You worshipped Qazlal.
Qazlal was noncommittal.
You were not hungry.

You visited 1 branch

Inventory:

Hand Weapons
 b - the +6 sword of Power (weapon)
   (You found it in the Dungeon)
Jewellery
 n - a +6 ring of strength (left hand)
 o - a +6 ring of strength (right hand)
Scrolls
 j - 4 scrolls of blinking
 l - 4 scrolls of amnesia
 m - 3 scrolls of recharging
 p - 7 scrolls of fog
 q - a scroll of holy word
 r - 5 scrolls of identify
 s - 5 scrolls of remove curse
 t - 2 scrolls of fear
Potions
 c - 5 potions of might
 e - 9 potions of curing
 f - 10 potions of heal wounds
 g - 5 potions of haste
 h - 7 potions of magic
 i - 2 potions of berserk rage
 u - 2 potions of brilliance
 v - a potion of invisibility
 w - 3 potions of resistance
 z - 4 potions of agility
Comestibles
 a - 42 fruits
 d - 5 bread rations
 k - 4 meat rations


   Skills:
 + Level 6.2 Fighting
 + Level 5.0 Long Blades
 + Level 5.1 Dodging
   Level 3.0 Shields
 + Level 4.1 Spellcasting
 + Level 5.1 Invocations


You had 11 spell levels left.
You didn't know any spells.

Dungeon Overview and Level Annotations

Branches:
Dungeon (1/1)

Altars:
Ashenzari
Cheibriados
Dithmenos
Elyvilon
Fedhas
Gozag
Hepliaklqana
Kikubaaqudgha
Makhleb
Nemelex Xobeh
Okawaru
Qazlal
Ru
Sif Muna
Trog
Uskayaw
Vehumet
Xom
Yredelemnul
Zin
The Shining One
Beogh
Jiyva
Lugonu

Annotations:
D 1 transporter


Innate Abilities, Weirdness & Mutations

Your plain brown scales are hard. (AC +5)
You cannot fit into any form of body armour.
You are cold-blooded and may be slowed by cold attacks.


Message History

The shadow imp shouts, "Slither hence, thou erky fat-kidneyed Cock-Lorel!"
Found three items.
Found a transporter.
Unknown command.
You feel protected.
You feel agile all of a sudden.
Okay, then.
Okay, then.
Okay, then.
A red film seems to cover your vision as you go berserk!
You feel yourself moving faster!
You feel mighty!
You miss Munemmu. Munemmu closely misses you.
You riposte.
You hit Munemmu.
Munemmu is lightly wounded.
Unknown command.
You barely miss Munemmu.
Munemmu is lightly wounded.
Munemmu hits you!!!
Ouch! That really hurt!
The soul eater barely misses you. Munemmu hits you!!!
Ouch! That really hurt!
You die...

▓▓▓▓▓▓▓▓▓▓▓▓▓
▓.8©8.▓.8©8.▓
▓.[)?.▓.....▓
▓.....▓.:.).▓
▓.....▓.....▓
▓.....▓.....▓
▓.3&5.▓.....▓
▓..@..▓▓▓▓▓▓▓
▓▓▓▓▓▓▓


You could see Munemmu, a soul eater and a shadow imp.

Vanquished Creatures
  A naga (D)
  A ball python (D)
2 creatures vanquished.

Vanquished Creatures (others)
  A spatial maelstrom (D)
1 creature vanquished.

Grand Total: 3 creatures vanquished

Notes
Turn   | Place    | Note
-------+----------+-------------------------------------------
     0 | D        | potatolord6000 the Draconian Fighter began the quest for the Orb.
     0 | D        | Reached XP level 1. HP: 19/19 MP: 1/1
     6 | D        | Found a blossoming altar of Fedhas.
     7 | D        | Found a transporter.
     7 | D        | Found a viscous altar of Jiyva.
     7 | D        | Found an ancient bone altar of Kikubaaqudgha.
     7 | D        | Found a hazy altar of Hepliaklqana.
     7 | D        | Found a corrupted altar of Lugonu.
     7 | D        | Found an opulent altar of Gozag.
     7 | D        | Found a burning altar of Makhleb.
    13 | D        | Found an iron altar of Okawaru.
    13 | D        | Found a sparkling altar of Nemelex Xobeh.
    13 | D        | Found a stormy altar of Qazlal.
    13 | D        | Found a sacrificial altar of Ru.
    13 | D        | Found a deep blue altar of Sif Muna.
    15 | D        | Banished a spatial maelstrom
    23 | D        | Found a bloodstained altar of Trog.
    29 | D        | Became a worshipper of Qazlal Stormbringer
    54 | D        | Reached skill level 4 in Fighting
    54 | D        | Reached XP level 2. HP: 28/28 MP: 1/5
   102 | D        | Entered arena 2.
   102 | D        | Noticed a naga
   102 | D        | Found a transporter.
   106 | D        | Killed a naga
   106 | D        | Reached skill level 6 in Fighting
   106 | D        | Reached skill level 5 in Long Blades
   106 | D        | Reached skill level 5 in Dodging
   106 | D        | Reached skill level 5 in Invocations
   106 | D        | Reached XP level 3. HP: 30/37 MP: 5/8
   106 | D        | Reached XP level 4. HP: 35/44 MP: 6/10
   111 | D        | Entered arena 3.
   111 | D        | Noticed a soul eater
   111 | D        | Noticed Munemmu the pandemonium lord
   111 | D        | Found a transporter.
   116 | D        | Annihilated by Munemmu the pandemonium lord

Skill      XL: |  1  2 |
---------------+-------+-----
Fighting       | 4 6 |  6.2
Long Blades    | 3 5 |  5.0
Dodging        | 4 5 |  5.1
Spellcasting   | 2 4 |  4.1
Invocations    | 3 5 |  5.1
Shields        | |  3.0

Action                   |  1- 3 |  4- 6 || total
-------------------------+-------+-------++-------
Melee: Great sword       |     2 |     2 ||     4
  Use: Potion            |     4 |     4 ||     8
Armor: Skin              |     1 |       ||     1
Dodge: Dodged            |     1 |     3 ||     4
       Rpst.: Great sword |     1 |     2 ||     3
